 Dungeon Crawl Stone Soup version 0.17-a0-1760-ga6756ae (webtiles) character file.

76057 Psiweapon the Fighter (level 15, 0/160 HPs)
             Began as an Ogre Hunter on June 8, 2015.
             Was the Champion of Cheibriados.
             Killed by vampiric draining
             ... invoked by Josephine
              (5 damage)
             ... on level 2 of the Orcish Mines on Sept 3, 2015.
             The game lasted 02:26:09 (25361 turns).

Psiweapon the Fighter (Ogre Hunter)                Turns: 25361, Time: 02:26:10

Health: 0/160      AC:  7    Str: 38 (39) XL:     15   Next: 52%
Magic:  4/29       EV: 19    Int: 28      God:    Cheibriados [******]
Gold:   1634       SH:  0    Dex: 25      Spells: 9 memorised, 5 levels left

rFire  + . .     SeeInvis .     a - +0 battleaxe (holy)
rCold  + . .     Clarity  +     C - +2 robe {rC+ rF+}
rNeg   . . .     SustAt   .     (no shield)
rPois  +         Gourm    .     (helmet restricted)
rElec  .         Spirit   .     A - +0 cloak
rCorr  +         Warding  .     (gloves unavailable)
rMut   .         Stasis   .     (boots unavailable)
MR     +....                    V - amulet of resist corrosion
Stlth  ++........               K - +3 ring of strength
                                W - ring of poison resistance

@: slowed, drained, very slow, somewhat resistant to hostile enchantments,
unstealthy
A: unfitting armour, horns 1, talons 1, rugged brown scales 1, clarity,
deterioration 1, tough skin 1, weak 1, evolution 1
a: Bend Time, Temporal Distortion, Slouch, Step From Time, Renounce Religion


You were on level 2 of the Orcish Mines.
You worshipped Cheibriados.
Cheibriados was exalted by your worship.
You were not hungry.

You visited 4 branches of the dungeon, and saw 23 of its levels.
You also visited: Ice Cave.

You collected 2027 gold pieces.
You spent 393 gold pieces at shops.

Inventory:

Hand weapons
 a - a +0 battleaxe of holy wrath (weapon)
 j - a +0 giant spiked club
 B - a +1 battleaxe of freezing
 F - a +1 whip of electrocution
 I - a +0 giant club
 Q - the +10 war axe of Devotion {pain, rPois Dex+3}
   (You found it on level 7 of the Lair of Beasts)

   In the hands of one skilled in necromantic magic, it inflicts extra damage on
   living creatures.
   It affects your dexterity (+3).
   It protects you from poison.
 X - a +1 antimagic morningstar
Missiles
 b - 2 throwing nets
 D - 2 exploding tomahawks
 J - 4 large rocks (quivered)
Armour
 A - a +0 cloak (worn)
 C - a +2 robe of resistance (worn)
Jewellery
 c - an uncursed ring of flight
 n - a +3 ring of intelligence
 E - an uncursed ring of protection from cold
 K - a +3 ring of strength (right hand)
 L - an uncursed ring of teleportation
 V - an amulet of resist corrosion (around neck)
 W - a ring of poison resistance (left hand)
Magical devices
 m - a wand of slowing (36)
 p - a wand of lightning (10)
 s - a wand of paralysis (13)
 t - a wand of lightning (4)
 P - a wand of digging (14)
 R - a wand of polymorph (16)
 Y - a wand of cold (9)
Scrolls
 h - 4 scrolls of blinking
 k - 8 scrolls of remove curse
 q - a scroll of enchant weapon {unknown}
 u - 7 scrolls of fear
 x - 3 scrolls of recharging
 y - 2 scrolls of magic mapping
 G - 5 scrolls of teleportation
 U - a scroll of immolation
 Z - 2 scrolls of vulnerability
Potions
 f - a potion of invisibility
 g - 2 potions of heal wounds
 l - 7 potions of curing
 o - 2 potions of might
 r - a potion of brilliance
 w - 4 potions of lignification
 M - 2 potions of magic
 O - a potion of agility
 S - a potion of resistance
Miscellaneous
 d - a stone of tremors
 i - a legendary deck of changes {the Alchemist}
 v - a lamp of fire
 N - a phial of floods
Comestibles
 e - 12 bread rations
 z - 11 meat rations
 H - 4 royal jellies


   Skills:
 - Level 12.1(11.8) Fighting
 - Level 3.4(4.9) Axes
 - Level 10.4(10.8) Maces & Flails
 + Level 9.4(9.2) Throwing
 - Level 10.0(9.8) Dodging
 - Level 2.0(1.8) Stealth
 - Level 10.0(9.7) Spellcasting
 + Level 5.8(5.6) Conjurations
 - Level 5.3(5.1) Charms
 - Level 5.0(4.8) Necromancy
 - Level 6.5(6.3) Ice Magic
 - Level 11.1(10.8) Invocations


You had 5 spell levels left.
You knew the following spells:

 Your Spells              Type           Power        Failure   Level  Hunger
a - Animate Skeleton      Necr           N/A          1%          1    None
b - Vampiric Draining     Necr           #####.....   1%          3    None
c - Conjure Flame         Conj/Fire      ####....     4%          3    None
d - Iskenderun's Mystic   Conj           #####...     4%          4    None
e - Ozocubu's Armour      Chrm/Ice       #####...     1%          3    None
f - Throw Icicle          Conj/Ice       #####...     4%          4    None
g - Condensation Shield   Ice            #####.....   3%          4    None
h - Regeneration          Chrm/Necr      #####.....   1%          3    None
i - Animate Dead          Necr           N/A          8%          4    None


Dungeon Overview and Level Annotations

Branches:
Dungeon (12/15)            Temple (1/1) D:7            Lair (8/8) D:10
 Shoals (0/4) Lair:5        Snake (0/4) Lair:4        Slime (0/6) Lair:7
    Orc (2/4) D:10

Altars:
Ashenzari
Cheibriados
Dithmenos
Elyvilon
Fedhas
Gozag
Kikubaaqudgha
Makhleb
Nemelex Xobeh
Okawaru
Qazlal
Ru
Sif Muna
Trog
Vehumet
Xom
Yredelemnul
Zin
The Shining One

Shops:
D:4 [   D:9 !   D:11 (

Annotations:
D:8 killer bees!
Orc:2 Josephine


Innate Abilities, Weirdness & Mutations

You are too large for most types of armour.
You have tough skin (AC +1).
You have a pair of small horns on your head.
You have sharp toenails.
You are partially covered in rugged brown scales (AC +1, +3% HP).
You possess an exceptional clarity of mind.
Your body sometimes deteriorates upon taking damage.
You are weak. (Str -2)
You evolve.


Message History

The wraith hits you.
* * * LOW HITPOINT WARNING * * *
The wraith drains your vigour!
You feel as though you will be slow longer.
* * * LOW HITPOINT WARNING * * *
The wraith hits you.
* * * LOW HITPOINT WARNING * * *
The wraith drains your vigour!
You feel as though you will be slow longer.
* * * LOW HITPOINT WARNING * * *
You hit the wraith.
The wraith convulses.
Your kick misses the wraith.
The wraith is heavily damaged.
You slash Josephine!
Josephine is severely wounded.
You slash the wraith!
You destroy the wraith!
Cheibriados appreciates the change of pace.
Josephine barely misses you. The wraith misses you.
Josephine is infused with unholy energy.
You die...

#### ##
##...##.### .
#.........##
..#........(.#
..........(..#
.........(..#
........)#.#
......)<>.##...
......)@W).....
....#.).@......
.....(........#
..()(...##.#..#
)(....... ## .#
)........ .
.........
#.#.......


You could see Josephine and a wraith.

Vanquished Creatures
  Maud (Lair:7)
  A white draconian (IceCv)
  7 hydras
  2 ice dragons
  A queen ant (Lair:2)
  12 death yaks
  2 ice statues
  A hill giant (D:11)
  3 oklob plants (Lair:7)
  A griffon (Lair:5)
  8 elephants
  A manticore (D:11)
  A gargoyle (D:11)
  14 spiny frogs
  A torpor snail (Lair:3)
  4 black mambas
  17 komodo dragons
  4 fire drakes
  A centaur skeleton (D:10)
  A tengu conjurer (D:12)
  A spriggan druid (Lair:8)
  19 polar bears
  21 blink frogs
  A boulder beetle (Lair:6)
  4 wraiths
  Sigmund (D:3)
  A wyvern (Lair:6)
  A redback (Lair:8)
  3 basilisks
  10 spriggans (Lair:8)
  45 yaks
  7 hippogriffs
  A hungry ghost (D:10)
  A mottled dragon (D:10)
  3 nagas (Lair:4)
  35 wolves
  10 water moccasins
  9 soldier ants (Lair:2)
  5 porcupines
  3 wasps
  10 black bears
  4 sky beasts
  13 orc warriors
  4 ice beasts
  2 phantoms
  15 crocodiles
  8 ogres
  6 centaurs
  13 giant frogs
  2 big kobolds
  A gnoll sergeant (D:11)
  A scorpion (D:10)
  4 killer bees (D:10)
  A wight (D:11)
  2 crimson imps
  A giant frog zombie (D:9)
  An electric eel (D:6)
  A jelly (D:5)
  3 giant frog skeletons
  9 hounds
  7 iguanas
  10 orc priests
  Ijyb (D:2)
  17 orc wizards
  Terence (D:2)
  A yak simulacrum (Lair:7)
  28 worker ants
  37 sheep
  A wolf simulacrum (Lair:7)
  A hound skeleton (D:6)
  A worker ant zombie (D:10)
  14 adders
  5 gnolls (D:11)
  58 river rats
  3 shadow imps
  2 white imps (Lair:3)
  2 oozes (D:6)
  2 worms
  3 adder skeletons
  6 giant geckos
  66 orcs
  11 bats
  A bat skeleton (D:4)
  A bat zombie (D:7)
  15 goblins
  14 hobgoblins
  11 jackals
  16 kobolds
  A ball python (D:1)
  3 giant cockroaches
  A giant gecko skeleton (D:5)
  5 giant newts
  6 quokkas
  16 rats
  5 river rat simulacra (Lair:7)
  A bush (Lair:8)
  2 fungi (Lair:8)
740 creatures vanquished.

Vanquished Creatures (collateral kills)
  2 hydras
  An ice statue (Lair:3)
  A black mamba (Lair:5)
  2 spiny frogs (Lair:7)
  An ugly thing (D:11)
  2 komodo dragons
  3 polar bears (IceCv)
  9 blink frogs
  A redback (Lair:8)
  7 yaks
  3 wolves
  2 hippogriffs (Lair:7)
  3 water moccasins
  4 porcupines
  An orc warrior (D:9)
  A black bear (Lair:8)
  A wasp (Lair:8)
  6 ice beasts
  3 crocodiles
  2 wights (D:11)
  A crimson imp (D:9)
  2 electric eels
  A hound (D:10)
  An iguana (Lair:4)
  A worker ant (D:9)
  4 sheep
  11 river rats
  2 white imps (Lair:3)
  An adder skeleton (D:10)
  3 giant geckos (D:10)
  3 orcs
  A quokka (D:10)
  4 fungi (Lair:8)
90 creatures vanquished.

Vanquished Creatures (others)
  A necromancer (Lair:7)
  A polar bear (Lair:8)
  2 polar bear simulacra (Lair:7)
  30 fungi
  14 plants
48 creatures vanquished.

Grand Total: 878 creatures vanquished

Notes
Turn   | Place    | Note
--------------------------------------------------------------
     0 | D:1      | Psiweapon the Ogre Hunter began the quest for the Orb.
     0 | D:1      | Reached XP level 1. HP: 22/22 MP: 1/1
   315 | D:1      | Reached XP level 2. HP: 18/29 MP: 2/2
  1131 | D:1      | Reached skill level 1 in Stealth
  1323 | D:1      | Reached XP level 3. HP: 31/37 MP: 3/3
  2270 | D:2      | Reached XP level 4. HP: 45/48 MP: 4/4
  2511 | D:2      | Noticed Terence
  2513 | D:2      | Killed Terence
  2513 | D:2      | Reached skill level 1 in Maces & Flails
  2745 | D:2      | Noticed Ijyb
  2755 | D:2      | Killed Ijyb
  2755 | D:2      | Reached XP level 5. HP: 51/55 MP: 5/5
  3111 | D:3      | Reached skill level 5 in Fighting
  3204 | D:3      | Noticed Sigmund
  3207 | D:3      | Killed Sigmund
  3207 | D:3      | Reached skill level 6 in Fighting
  3207 | D:3      | Reached XP level 6. HP: 64/67 MP: 6/6
  3309 | D:4      | Reached skill level 5 in Maces & Flails
  3397 | D:4      | Reached XP level 7. HP: 76/76 MP: 7/7
  3513 | D:4      | Found Dufaz's Antique Armour Emporium.
  3524 | D:4      | Bought a steaming robe for 142 gold pieces
  3524 | D:4      | Bought an embroidered robe for 17 gold pieces
  3556 | D:4      | Identified the cursed +0 robe of Heresy {rF+ rN+ rCorr Stlth-} (You bought it in a shop on level 4 of the Dungeon)
  3755 | D:4      | Reached skill level 7 in Fighting
  4024 | D:5      | Entered Level 5 of the Dungeon
  4100 | D:5      | Found a radiant altar of Vehumet.
  4424 | D:5      | Found a stormy altar of Qazlal.
  4483 | D:5      | Reached skill level 8 in Fighting
  4846 | D:5      | Reached XP level 8. HP: 86/89 MP: 8/8
  5231 | D:6      | Reached skill level 9 in Fighting
  5637 | D:6      | Reached skill level 10 in Fighting
  6636 | D:7      | Found a staircase to the Ecumenical Temple.
  6642 | Temple   | Entered the Ecumenical Temple
  6785 | Temple   | Became a worshipper of Cheibriados the Contemplative
  6868 | D:7      | Reached XP level 9. HP: 91/101 MP: 9/9
  6954 | D:7      | Learned a level 1 spell: Animate Skeleton
  7491 | D:8      | Acquired Cheibriados's first power
  7504 | D:8      | Reached skill level 10 in Maces & Flails
  7914 | D:8      | Reached skill level 1 in Spellcasting
  8204 | D:9      | Gained mutation: You possess an exceptional clarity of mind. [mutagenic meat]
  8205 | D:9      | Gained mutation: You evolve. [mutagenic meat]
  8206 | D:9      | Gained mutation: Your spells are a little harder to cast, but a little more powerful. [mutagenic meat]
  8207 | D:9      | Lost mutation: Your spells are a little harder to cast, but a little more powerful. [mutagenic meat]
  8224 | D:9      | Found Qoepuugg's Distillery.
  8252 | D:9      | Reached skill level 5 in Dodging
  8391 | D:9      | Bought 2 potions of curing for 78 gold pieces
  8391 | D:9      | Bought a potion of heal wounds for 65 gold pieces
  8391 | D:9      | Bought 2 potions of degeneration for 26 gold pieces
  8391 | D:9      | Bought a potion of heal wounds for 65 gold pieces
  8471 | D:9      | Found a sparkling altar of Nemelex Xobeh.
  8762 | D:9      | Gained mutation: Your natural rate of healing is unusually fast. [mutagenic meat]
  8763 | D:9      | Gained mutation: You have a pair of small horns on your head. [mutagenic meat]
  8765 | D:9      | Gained mutation: You have sharp toenails. [mutagenic meat]
  8766 | D:9      | Gained mutation: You are partially covered in rugged brown scales (AC +1, +3% HP). [mutagenic meat]
  8858 | D:9      | Reached XP level 10. HP: 113/113 MP: 17/17
  8959 | D:10     | Entered Level 10 of the Dungeon
  8959 | D:10     | Found a shattered altar of Ashenzari.
  8974 | D:9      | Reached skill level 5 in Spellcasting
  9048 | D:10     | Noticed an ice statue
  9328 | D:10     | Acquired Cheibriados's second power
  9370 | D:10     | Found a staircase to the Orcish Mines.
  9667 | D:10     | Reached skill level 1 in Invocations
  9910 | D:10     | Reached skill level 1 in Necromancy
 10004 | D:10     | Acquired Cheibriados's third power
 10078 | D:10     | Found a staircase to the Lair.
 10106 | Lair:1   | Entered Level 1 of the Lair of Beasts
 10398 | Lair:1   | Learned a level 3 spell: Vampiric Draining
 10603 | Lair:1   | Reached skill level 5 in Invocations
 10680 | Lair:1   | Reached XP level 11. HP: 120/120 MP: 20/20
 10713 | Lair:1   | Noticed a five-headed hydra
 10718 | Lair:1   | Killed a five-headed hydra
 11203 | D:10     | Killed an ice statue
 11335 | D:10     | Reached skill level 5 in Necromancy
 11563 | Lair:2   | Noticed a queen ant
 11579 | Lair:2   | Killed a queen ant
 11579 | Lair:2   | Acquired Cheibriados's fourth power
 12740 | Lair:2   | Reached XP level 12. HP: 129/129 MP: 21/21
 13010 | Lair:3   | Reached skill level 10 in Invocations
 13032 | Lair:3   | Noticed an ice dragon
 13043 | Lair:3   | Killed an ice dragon
 13613 | Lair:3   | Reached skill level 11 in Invocations
 13785 | Lair:4   | Reached skill level 10 in Dodging
 13873 | Lair:4   | Found a staircase to the Snake Pit.
 13885 | Lair:4   | Reached skill level 5 in Throwing
 14002 | Lair:4   | Upgraded the game from 0.17-a0-1310-gaf4f4d6 to 0.17-a0-1322-g2a080e7
 14177 | Lair:1   | Learned a level 3 spell: Conjure Flame
 14225 | Lair:2   | Lost mutation: Your natural rate of healing is unusually fast. [evolution]
 14502 | Lair:4   | Reached skill level 1 in Conjurations
 14994 | Lair:5   | Noticed a four-headed hydra
 14998 | Lair:5   | Killed a four-headed hydra
 14998 | Lair:5   | Reached XP level 13. HP: 140/140 MP: 22/22
 15817 | Lair:5   | Found a staircase to the Shoals.
 16246 | Lair:6   | You fall through a shaft!
 16308 | Lair:7   | Gained mutation: You are robust (+10% HP). [evolution]
 16719 | Lair:1   | Learned a level 4 spell: Iskenderun's Mystic Blast
 16832 | Lair:6   | Reached skill level 12 in Fighting
 16887 | Lair:6   | Learned a level 3 spell: Ozocubu's Armour
 17407 | Lair:7   | Reached skill level 1 in Charms
 17407 | Lair:7   | Reached skill level 1 in Ice Magic
 17446 | Lair:7   | Found a staircase to the Slime Pits.
 18104 | Lair:7   | Noticed Maud
 18113 | Lair:7   | Killed Maud
 18384 | Lair:7   | Reached XP level 14. HP: 119/168 MP: 18/23
 18482 | Lair:7   | Got a faintly glowing war axe
 18483 | Lair:7   | Identified the +10 war axe of Devotion {pain, rPois Dex+3} (You found it on level 7 of the Lair of Beasts)
 18718 | Lair:7   | Reached skill level 5 in Charms
 18801 | Lair:7   | Reached skill level 5 in Ice Magic
 18845 | Lair:7   | Upgraded the game from 0.17-a0-1322-g2a080e7 to 0.17-a0-1420-geb41feb
 19004 | Lair:7   | Learned a level 4 spell: Throw Icicle
 19461 | Lair:8   | Entered Level 8 of the Lair of Beasts
 19544 | Lair:8   | Found a frozen archway.
 19578 | IceCv    | Entered an ice cave
 20832 | IceCv    | Reached skill level 1 in Axes
 21384 | Lair:8   | Lost mutation: You are robust (+10% HP). [evolution]
 21459 | Lair:8   | Upgraded the game from 0.17-a0-1420-geb41feb to 0.17-a0-1567-gdd419b1
 21588 | Lair:8   | Reached XP level 15. HP: 131/160 MP: 28/28
 21631 | Lair:8   | Learned a level 4 spell: Condensation Shield
 22275 | Lair:7   | Reached skill level 10 in Spellcasting
 23017 | Lair:8   | Reached skill level 5 in Conjurations
 23342 | Lair:1   | Learned a level 3 spell: Regeneration
 23767 | Lair:1   | Learned a level 4 spell: Animate Dead
 23940 | D:10     | Noticed a hill giant
 24197 | D:11     | Gained mutation: You are weak. (Str -2) [mutagenic meat]
 24199 | D:11     | Gained mutation: Your body sometimes deteriorates upon taking damage. [mutagenic meat]
 24331 | D:11     | Found Coemes Osyu's Weapon Emporium.
 24725 | Lair:1   | Upgraded the game from 0.17-a0-1567-gdd419b1 to 0.17-a0-1760-ga6756ae
 24794 | Orc:1    | Entered Level 1 of the Orcish Mines
 25347 | Orc:2    | Noticed Josephine
 25356 | Orc:2    | HP: 8/160 [Josephine/ghostly fireball (30)]
 25356 | Orc:2    | HP: 3/160 [wraith[Josephine] (1)]
 25361 | Orc:2    | Killed from afar by Josephine

Vault maps used:
D:1:      nagdon_arrival_zigzag_paths
D:2:      kennysheep_the_goblin_king, uniq_iyjb, uniq_terence
D:3:      forest_paths, uniq_sigmund
D:4:      serial_shops, shop, amethyst_killhole
D:5:      black_bear_nest_2, nicolae_overflow_crystal_walls,
          lemuel_doored_altar, first_bread, minmay_misc_feat_columns
D:6:      fountainhead, serial_park_tiny_1
D:7:      minmay_temple_entry_fiery
D:8:      moated_statue
D:9:      nemelex_xobeh_ov_fountains_minmay, serial_shops, shop
D:10:     lemuel_ice_statue, erik_lair_dragon, orc_david_3, ashenzari_altar_1
D:11:     serial_shops, shop
Temple:   nicolae_temple_elliptical
Lair:2:   minmay_another_anthill
Lair:3:   ice2_lemuel
Lair:4:   guppyfry_snake_entry_island
Lair:5:   shoals_dummy_entry, st_stairs_12, minmay_lair_drake_nest,
          lemuel_fruit_tree, serial_bayou_shore_b, grunt_megastairs_3
Lair:6:   nicolae_quartered_pool_medium
Lair:7:   minmay_slime_entry_oklob_enclosed, eino_house_with_fridge,
          infiniplex_staircase_pool, uniq_maud
Lair:8:   minmay_lair_end_enchanted_forest,
          portal_ice_cave_entry_animals_and_master, serial_bayou_pond_c
Orc:2:    serial_shops, nicolae_shop_crystal, sword_in_stone, uniq_josephine,
          uniq_sonja
IceCv:    ice_cave_caverns_01

Action                   |  1- 3 |  4- 6 |  7- 9 | 10-12 | 13-15 || total
-------------------------+-------+-------+-------+-------+-------++-------
Melee: Short sword       |    45 |       |       |       |       ||    45
       Club              |    65 |       |       |       |       ||    65
       Mace              |    32 |    86 |    96 |       |       ||   214
       Giant club        |       |       |   221 |   380 |   291 ||   892
       Battleaxe         |       |       |     8 |     4 |     5 ||    17
       War axe           |       |       |       |       |   285 ||   285
       Whip              |       |       |       |       |    23 ||    23
Throw: Large rock        |     8 |    23 |    58 |    72 |    51 ||   212
       Tomahawk          |       |       |       |    57 |    16 ||    73
       Throwing net      |       |       |       |     1 |     2 ||     3
       Javelin           |       |       |       |       |    30 ||    30
 Cast: Animate Skeleton  |       |       |    21 |    62 |   124 ||   207
       Vampiric Draining |       |       |       |    11 |    44 ||    55
       Iskenderun's Myst |       |       |       |       |    28 ||    28
       Conjure Flame     |       |       |       |       |     2 ||     2
       Ozocubu's Armour  |       |       |       |       |     7 ||     7
       Throw Icicle      |       |       |       |       |    12 ||    12
       Condensation Shie |       |       |       |       |     5 ||     5
       Animate Dead      |       |       |       |       |     3 ||     3
Invok: Slouch            |       |       |       |     2 |     9 ||    11
       Step From Time    |       |       |       |       |     1 ||     1
 Abil: Evoke Flight      |       |       |       |     4 |       ||     4
       Stop Flying       |       |       |       |     1 |       ||     1
Evoke: Wand              |       |       |       |     6 |     3 ||     9
  Use: Scroll            |       |       |     4 |    15 |    16 ||    35
       Potion            |       |       |     2 |     2 |     4 ||     8
 Stab: Sleeping          |     4 |       |     5 |     5 |     8 ||    22
       Distracted        |       |       |     1 |       |     8 ||     9
  Eat: Chunk             |     4 |     4 |    25 |     9 |    16 ||    58
       Beef jerky        |       |       |       |     1 |     2 ||     3
       Meat ration       |       |       |       |     1 |     1 ||     2
       Royal jelly       |       |       |       |       |     1 ||     1
